 Dungeon Crawl Stone Soup version 0.22.1-1-ga44c0e5 (webtiles) character file.

167 magicm the Shield-Bearer (level 5, -6/41 HPs)
             Began as a Human Fighter on Nov 4, 2018.
             Mangled by an orc
             ... wielding a +0 mace
              (7 damage)
             ... on level 3 of the Dungeon.
             The game lasted 00:10:40 (1855 turns).

magicm the Shield-Bearer (Human Fighter)            Turns: 1855, Time: 00:10:41

Health: -6/41      AC:  8    Str: 16    XL:     5   Next: 76%
Magic:  5/5        EV:  7    Int: 10    God:
Gold:   139        SH:  9    Dex: 12    Spells: 4/4 levels left

rFire    x . .     SeeInvis .   a - +1 long sword
rCold    + . .     Gourm    .   c - +0 shield
rNeg     . . .     Faith    .   b - +0 scale mail
rPois    .         Spirit   .   i - +0 helmet
rElec    .         Reflect  .   (no cloak)
rCorr    .         Harm     .   (no gloves)
MR       .....                  (no boots)
Stlth    ..........             (no amulet)
HPRegen  0.13/turn              g - ring of ice
MPRegen  0.09/turn              (no ring)

@: no status effects
A: no striking features
a: no special abilities


You were on level 3 of the Dungeon.
You were not hungry.

You visited 1 branch of the dungeon, and saw 3 of its levels.

You collected 139 gold pieces.

Inventory:

Hand Weapons
 a - a +1 long sword (weapon)
 e - a +2 trident of freezing
 k - a +4 short sword of electrocution
Armour
 b - a +0 scale mail (worn)
 c - a +0 shield (worn)
 i - a +0 helmet (worn)
Jewellery
 g - a ring of ice (left hand)
Scrolls
 d - 2 scrolls of amnesia
 h - a scroll of blinking
Potions
 m - a potion of brilliance {unknown}
Comestibles
 f - 2 rations


   Skills:
 + Level 3.6 Fighting
 + Level 3.6 Long Blades
 + Level 3.6 Armour
 + Level 1.2 Dodging
 + Level 3.8 Shields


You had 4 spell levels left.
You didn't know any spells.
Your spell library was empty.

Dungeon Overview and Level Annotations

Branches:
Dungeon (3/15)

Altars:
Okawaru
Xom


Message History

You block the orc's attack. The orc priest barely misses you.
Your shield and scale mail prevent you from hitting the orc priest.
The orc priest is heavily wounded.
The orc hits you but does no damage. You block the orc's attack.
You block the orc priest's attack. The orc barely misses you.
You riposte.
You hit the orc.
The orc is severely wounded.
You hit the orc priest.
The orc priest is heavily wounded.
You block the orc's attack. The orc priest barely misses you.
You riposte.
You hit the orc priest.
The orc priest is severely wounded.
You block the orc's attack.
You slash the orc priest!
You kill the orc priest!
The orc hits you with a falchion.
* * * LOW HITPOINT WARNING * * *
You block the orc's attack. You block the orc's attack.
The orc hits you with a mace!
You die...

#.# #.# ##'## #.# #.#
#.# #.# #.# #.# #.# #.#
###.##### ..# #.#
#.......# ### ##.##
#.....#.# #...##
#....##.#####
#.###o#####.#.###.#....
#. #.@.............# #
#o#####.#.###.### ..##
#.#.# #.# ###
##.#.###.#
############........#
#...##.......##.###.#
###...##.#####.##.# #.#
#........#####.##.# #.#
## #.........<.......#
#.#


You could see 2 orcs.

Vanquished Creatures
  2 orc priests (D:3)
  3 adders (D:2)
  A dart slug (D:2)
  A leopard gecko (D:2)
  7 orcs (D:3)
  A ball python (D:2)
  6 bats
  2 giant cockroaches (D:1)
  8 goblins
  12 hobgoblins
  7 jackals (D:2)
  3 frilled lizards
  6 kobolds
  5 rats
64 creatures vanquished.

Notes
Turn   | Place    | Note
-------+----------+-------------------------------------------
     0 | D:1      | magicm the Human Fighter began the quest for the Orb.
     0 | D:1      | Reached XP level 1. HP: 18/18 MP: 1/1
    84 | D:1      | Reached XP level 2. HP: 19/24 MP: 2/2
   645 | D:2      | Reached XP level 3. HP: 28/29 MP: 3/3
   656 | D:2      | Found a shimmering altar of Xom.
   764 | D:2      | HP: 1/29 [poisoned by an adder]
   768 | D:2      | Found an iron altar of Okawaru.
   838 | D:2      | Reached XP level 4. HP: 16/35 MP: 4/4
  1324 | D:3      | Reached skill level 1 in Dodging
  1370 | D:3      | Reached XP level 5. HP: 18/41 MP: 5/5
  1847 | D:3      | HP: 1/41 [orc priest/divine providence (12)]
  1854 | D:3      | HP: 1/41 [orc/falchion (2)]
  1855 | D:3      | Mangled by an orc

Skill      XL: |  1  2  3  4 |
---------------+-------------+-----
Long Blades    | 3 |  3.6
Dodging        | 1 |  1.2
Fighting       | |  3.6
Armour         | |  3.6
Shields        | |  3.8

Action                   |  1- 3 |  4- 6 || total
-------------------------+-------+-------++-------
Melee: Long sword        |    83 |   125 ||   208
  Use: Scroll            |     3 |     3 ||     6
       Potion            |     3 |     3 ||     6
  Eat: Ration            |     2 |       ||     2
Armor: Scale mail        |    86 |    73 ||   159
Dodge: Dodged            |    52 |    40 ||    92
Block: Shield            |    70 |    79 ||   149
       Rpst.: Long sword |    15 |    12 ||    27
